 Dungeon Crawl Stone Soup version 0.31-a0-188-g5e087ee2ca (webtiles) character file.

Game seed: 13815850884360187874

85 qw the Shooter (level 4, -4/25 HPs)
             Began as a Deep Elf Hunter on June 23, 2023.
             Slain by an orc priest
             ... wielding a +1 hand axe of electrocution
              (6 damage)
             ... on level 3 of the Dungeon.
             The game lasted 00:00:37 (1874 turns).

qw the Shooter (Deep Elf Hunter)                    Turns: 1874, Time: 00:00:37

Health: -4/25      AC:  3    Str: 10    XL:     4   Next: 25%
Magic:  6/6        EV: 12    Int: 14    God:
Gold:   190        SH:  0    Dex: 18    Spells: 3/3 levels left

rFire   . . .        Y - +0 shortbow
rCold   . . .        (shield currently unavailable)
rNeg    . . .        c - +0 leather armour
rPois   .            (no helmet)
rElec   .            (no cloak)
rCorr   .            (no gloves)
SInv    .            (no boots)
Will    .....        (no amulet)
Stlth   ++           (no ring)
HPRegen 0.24/turn    (no ring)
MPRegen 0.10/turn

%: no passive effects
@: no status effects
A: no striking features
a: no special abilities


You were on level 3 of the Dungeon.
You visited 1 branch of the dungeon, and saw 3 of its levels.

You collected 190 gold pieces.


   Skills:
 - Level 1.5 Fighting
 + Level 7.7 Ranged Weapons
 - Level 2.4 Dodging
 - Level 1.2 Stealth


You had 3 spell levels left.
You didn't know any spells.
Your spell library was empty.

Inventory:

Hand Weapons
 Y - a +0 shortbow (weapon)
Armour
 c - a +0 leather armour (worn)
Jewellery
 f - a ring of fire
Scrolls
 a - a scroll of identify
 b - a scroll of blinking {unknown}
Potions
 d - a potion of might
 e - a potion of lignification {unknown}
 g - a potion of curing {unknown}
 h - a potion of resistance
 i - a potion of mutation {unknown}

Dungeon Overview and Level Annotations

Branches:
Dungeon (3/15)

Altars:

Shops:
D:1 [

Annotations:
D:2 1 runed translucent door, Crazy Yiuf


Message History

Enter note:
Enter note:
Enter note: You shoot an arrow.
The arrow completely misses the orc priest.
The orc priest looks encouraged for a moment.
You shoot an arrow.
The arrow hits the orc but does no damage.
You shoot an arrow. The arrow barely misses the orc.
The arrow hits the orc priest but does no damage.
You shoot an arrow. The arrow hits the orc.
The orc is heavily wounded.
The orc priest mumbles some strange prayers to Beogh against you.
Beogh smites you!
Ouch! That really hurt!
You shoot an arrow. The arrow hits the orc.
You kill the orc!
You shoot an arrow. The arrow hits the orc priest.
The orc priest is lightly wounded.
The orc priest calls down the wrath of Beogh upon you.
Pain shoots through your body!
You shoot an arrow.
The arrow closely misses the orc priest.
The orc priest looks satisfied for a moment.
You shoot an arrow. The arrow hits the orc priest.
The orc priest is heavily wounded.
The orc priest closely misses you.
You shoot an arrow. The arrow hits the orc priest!
The orc priest is almost dead.
The orc hits you with a +0 whip.
The orc priest hits you with a +1 hand axe of electrocution.
You shoot an arrow. The arrow hits the orc priest.
The orc priest is almost dead.
The orc hits you with a +0 whip.
The orc priest mumbles some strange prayers to Beogh against you.
You barely resist. You shoot an arrow. The arrow barely misses the orc priest.
The orc hits you but does no damage.
The orc priest hits you with a +1 hand axe of electrocution.
You die...

.#.#............##......
.#.#.##..###.#.#......
.........###.#.#.#...
...............#.#.##
.#.####.....<.......#
.#.............#.#.##...
........####............
.#..###.# #.#.#.##.#...
.#..##. .......#@# #
........ .......oo......
.................?.....#
.##.##.#####.#.#........
.# .# .# #.#.#.##.#...
..... . ..... .# .. .#..
. .. ... . . .#.. .. ..#
##. #. .# ..


You could see an orc priest and an orc.

Vanquished Creatures
  3 adders
  2 worms
  2 dart slugs
  An orc (D:3)
  3 ball pythons
  5 endoplasms
  2 giant cockroaches
  A goblin (D:1)
  6 hobgoblins
  4 jackals (D:1)
  A quokka (D:3)
  5 bats
  5 kobolds
  6 rats
46 creatures vanquished.

Notes
Turn   | Place    | Note
-------+----------+-------------------------------------------
     0 | D:1      | qw the Deep Elf Hunter began the quest for the Orb.
     0 | D:1      | Reached XP level 1. HP: 12/12 MP: 3/3
     0 | D:1      | 0 ||| qw: Version: 0.3-a-9-g12657ce
     0 | D:1      | 0 ||| qw: Game counter: 3916
     0 | D:1      | 0 ||| qw: Always use a shield: true
     0 | D:1      | 0 ||| qw: God list: Okawaru
     0 | D:1      | 0 ||| qw: Allow faded altars: false
     0 | D:1      | 0 ||| qw: Do Orc after D:15 true
     0 | D:1      | 0 ||| qw: Do second Lair branch before Depths: true
     0 | D:1      | 0 ||| qw: Lair rune preference: random
     0 | D:1      | 0 ||| qw: Plans: Normal
     0 | D:1      | 0 ||| PLANNING D:1-11
    58 | D:1      | Reached XP level 2. HP: 16/16 MP: 4/4
    59 | D:1      | Reached skill level 6 in Ranged Weapons
   397 | D:1      | Found a faded altar of an unknown god.
   482 | D:1      | Found Qaimn's Antique Armour Emporium.
   485 | D:1      | 485 ||| SHOPLISTING cloak (121 gold, have 27).
   485 | D:1      | 485 ||| SHOPLISTING distressingly furry leather armour (189
                  | gold, have 27).
   485 | D:1      | 485 ||| SHOPLISTING pair of embroidered boots (202 gold,
                  | have 27).
   485 | D:1      | 485 ||| SHOPLISTING ring mail (108 gold, have 27).
   485 | D:1      | 485 ||| SHOPLISTING runed ring mail (189 gold, have 27).
   485 | D:1      | 485 ||| SHOPLISTING scale mail (108 gold, have 27).
   486 | D:1      | 486 ||| DROPPING scroll of butterflies.
   734 | D:2      | Reached XP level 3. HP: 20/20 MP: 5/5
   965 | D:2      | 965 ||| READING 2 scrolls labelled WIATOOFABU.
   975 | D:2      | Reached skill level 7 in Ranged Weapons
   996 | D:2      | 996 ||| DRINKING 2 brown potions.
   997 | D:2      | 997 ||| DRINKING 2 blue potions.
  1082 | D:2      | Found a runed translucent door.
  1083 | D:2      | Noticed Crazy Yiuf
  1463 | D:2      | 1463 ||| READING 2 scrolls of identify.
  1463 | D:2      | 1463 ||| IDENTIFYING ruby potion
  1464 | D:2      | 1464 ||| DROPPING potion of magic.
  1532 | D:3      | Reached XP level 4. HP: 25/25 MP: 6/6
  1872 | D:3      | HP: 4/25 [orc priest/+1 hand axe of electrocution (3)]
  1874 | D:3      | Slain by an orc priest

Levels and vault maps discovered:
D:1:      erik_arrival_blinker_ship, layout_rooms,
          chequers_ecumenical_altar_grove, serial_shops,
          nicolae_shop_real_fake_doors
D:2:      layout_loops_ring, serial_glass, glass_columns_c, glass_columns_b,
          due_unseen_surprise, feat_on_display, feat_on_display,
          uniq_crazy_yiuf_cottage
D:3:      layout_basic, dreamdust_wishing_well, uniq_grinder

Skill      XL: |  1  2  3 |
---------------+----------+-----
Ranged Weapons | 6 7 |  7.7
Fighting       | |  1.5
Dodging        | |  2.4
Stealth        | |  1.2

Action                     |  1- 3 |  4- 6 || total
---------------------------+-------+-------++-------
   Fire: Shortbow          |    86 |    41 ||   127
    Use: Scroll            |     2 |       ||     2
         Potion            |     2 |       ||     2
 Armour: Leather armour    |     5 |     1 ||     6
  Dodge: Dodged            |    11 |     2 ||    13

Table legend:
 A = Non-vault XP
 B = Vault XP
 C = Vault XP percentage of total XP
 D = Non-vault monster count
 E = Vault monster count
 F = Vault count percentage of total count
                 A         B        C        D         E       F
            +---------+---------+-------+---------+---------+-------
      Total |     122 |       0 |   0.0 |      46 |       0 |   0.0
            +---------+---------+-------+---------+---------+-------
        D:1 |      32 |       0 |   0.0 |      17 |       0 |   0.0
        D:2 |      48 |       0 |   0.0 |      15 |       0 |   0.0
        D:3 |      42 |       0 |   0.0 |      14 |       0 |   0.0
            +---------+---------+-------+---------+---------+-------
